 Dungeon Crawl Stone Soup version 0.30.1-4-g462c640d31 (webtiles) character file.

Game seed: 9213484384927392899

52 Peloso the Covered (level 3, -2/33 HPs)
             Began as a Minotaur Fighter on Aug 18, 2023.
             Slain by a gnoll
             ... wielding a +0 flail
              (4 damage)
             ... on level 2 of the Dungeon.
             The game lasted 00:01:20 (671 turns).

Peloso the Covered (Minotaur Fighter)                Turns: 671, Time: 00:01:20

Health: -2/33      AC:  7    Str: 20    XL:     3   Next: 60%
Magic:  2/2        EV:  8    Int:  5    God:
Gold:   94         SH: 10    Dex: 11    Spells: 2/2 levels left

rFire   . . .        a - +0 long sword
rCold   . . .        d - +2 kite shield
rNeg    . . .        b - +0 scale mail
rPois   .            (helmet restricted)
rElec   .            (no cloak)
rCorr   .            (no gloves)
SInv    .            (no boots)
Will    .....        (no amulet) Stlth
                     (no ring)
HPRegen 0.25/turn    (no ring)
MPRegen 0.08/turn

%: no passive effects
@: no status effects
A: horns 2, retaliatory headbutt
a: no special abilities


You were on level 2 of the Dungeon.
You visited 1 branch of the dungeon, and saw 2 of its levels.

You collected 94 gold pieces.

Inventory:

Hand Weapons
 a - a +0 long sword (weapon)
Armour
 b - a +0 scale mail (worn)
 c - a +0 buckler
 d - a +2 kite shield (worn)
Scrolls
 e - a scroll of teleportation {unknown}
Potions
 f - a potion of might


   Skills:
 + Level 4.2 Fighting
 + Level 2.9 Long Blades
 + Level 4.3 Armour
 + Level 0.4 Dodging
 + Level 4.2 Shields


You had 2 spell levels left.
You didn't know any spells.
Your spell library was empty.

Dungeon Overview and Level Annotations

Branches:
Dungeon (2/15)

Altars:


Innate Abilities, Weirdness & Mutations

You have a pair of horns on your head.
You reflexively headbutt those who attack you in melee.


Message History

You block the gnoll's attack. The gnoll hits you but does no damage.
The gnoll hits you from afar with a +0 halberd.
You hit the gnoll.
The gnoll is moderately wounded.
You block the gnoll's attack. The gnoll barely misses you.
You barely miss the gnoll. Your headbutt misses the gnoll.
The gnoll is moderately wounded.
The gnoll hits you from afar with a +0 halberd!
The gnoll hits you with a +0 club. x2; The gnoll barely misses you.
You slash the gnoll!
You kill the gnoll!
You block the gnoll's attack. The gnoll hits you with a +0 flail.
The gnoll hits you with a +0 halberd.
* * * LOW HITPOINT WARNING * * *
Things that are here:
a +0 club; a gnoll corpse You hit the gnoll but do no damage.
You headbutt the gnoll!
The gnoll is severely wounded.
The gnoll closely misses you. The gnoll hits you but does no damage.
You slash the gnoll!
You kill the gnoll!
The gnoll hits you with a +0 flail.
* * * LOW HITPOINT WARNING * * *
The gnoll hits you but does no damage.
A gnoll is nearby!
A gnoll is nearby!
A gnoll is nearby!
You hit the gnoll.
You headbutt the gnoll, but do no damage.
The gnoll is heavily wounded.
The gnoll hits you with a +0 flail.
* * * LOW HITPOINT WARNING * * *
You hit the gnoll.
The gnoll is heavily wounded.
The gnoll closely misses you.
Unknown command.
You closely miss the gnoll.
The gnoll is heavily wounded.
The gnoll hits you with a +0 flail.
You die...

### ###### #.#
#..... #.## #
#.....##.. .#
#..... ..# .#
#....(##.#####.#
#)@g$##....#
#.##.......# #.
#....<#######
#.#..#..##........
#.....†....#.###.#
#....#......[#
####$#.......# #
#.......#
#....####


You could see a gnoll.

Vanquished Creatures
  2 gnolls (D:2)
  2 ball pythons (D:1)
  2 bats (D:1)
  4 endoplasms (D:1)
  3 goblins (D:1)
  2 hobgoblins (D:1)
  5 jackals (D:1)
  A frilled lizard (D:1)
  4 kobolds (D:1)
  5 rats
30 creatures vanquished.

Notes
Turn   | Place    | Note
-------+----------+-------------------------------------------
     0 | D:1      | Peloso the Minotaur Fighter began the quest for the Orb.
     0 | D:1      | Reached XP level 1. HP: 19/19 MP: 0/0
   128 | D:1      | Reached XP level 2. HP: 27/27 MP: 1/1
   466 | D:1      | Reached XP level 3. HP: 26/33 MP: 2/2
   669 | D:2      | HP: 1/33 [gnoll/+0 flail (1)]
   671 | D:2      | Slain by a gnoll

Illustrated notes

Levels and vault maps discovered:
D:1:      dpeg_arrival_rooms_a, layout_rooms, minivault_11, grunt_decor_fettered
D:2:      layout_basic, minmay_split_cup_large

Skill      XL: |  1  2 |
---------------+-------+-----
Armour         | 4 |  4.3
Shields        | 4 |  4.2
Fighting       | 4 |  4.2
Long Blades    | |  2.9
Dodging        | |  0.4

Action                     || total
---------------------------++-------
  Melee: Long sword        ||    56
         Headbutt          ||     7
    Use: Potion            ||     1
 Armour: Scale mail        ||    32
  Dodge: Dodged            ||    30
  Block: Buckler           ||    15
         Kite shield       ||    12
